[Event "Team 45 45 League T50"]
[Site "Internet Chess Club"]
[Date "2011.08.20"]
[Round "2"]
[White "chesskix"]
[Black "PaleMetaphor"]
[Result "1-0"]
[WhiteElo "1439"]
[BlackElo "1354"]
[Opening "English: Bremen system, Keres variation"]
[ECO "A23"]
[Time "18:00:08"]
[TimeControl "2700+45"]

1. c4 e5 2. Nc3 Nf6 3. g3 c6 4. Bg2 d5 5. b3 Be6 6. d3 Bb4 7. Bd2 d4 8. Ne4
Bxd2+ 9. Qxd2 Nbd7 10. Nd6+ Ke7 11. Nxb7 Qc7 12. Na5 Nb8 13. Qb4+ Kd7 14. Qb7
Qxb7 15. Nxb7 Na6 16. Na5 Nb4 17. Kd2 Rac8 18. h3 c5 19. Nf3 Kd6 20. Nb7+ Kc7
21. Nxc5 Kd6 22. Nb7+ Kc7 23. Nxe5 Nd7 {Black resigns} 1-0

[Event "Team 45 45 League T50"]
[Site "Internet Chess Club"]
[Date "2011.08.20"]
[Round "2"]
[White "Visin"]
[Black "bowwrestler"]
[Result "1-0"]
[WhiteElo "1327"]
[BlackElo "1245"]
[Opening "Scandinavian: Pytel-Wade variation"]
[ECO "B01"]
[Time "15:07:11"]
[TimeControl "2700+45"]

1. e4 d5 2. exd5 Qxd5 3. Nc3 Qd6 4. Nf3 Nf6 5. d3 a6 6. Be2 Nc6 7. Bg5 Bg4 8.
Bxf6 Qxf6 9. O-O e6 10. a3 Bc5 11. Ne4 Qf5 12. Nxc5 Qxc5 13. c3 O-O 14. d4 Qb6
15. Qc2 Rad8 16. h3 Bxf3 17. Bxf3 Rfe8 18. Rad1 e5 19. d5 Ne7 20. Rfe1 Ng6 21.
Be4 c6 22. dxc6 Rxd1 23. Rxd1 bxc6 24. Rd6 Re6 25. Rxe6 fxe6 26. b4 c5 27. Bxg6
hxg6 28. Qxg6 cxb4 29. cxb4 Qc6 30. Qd3 Qc1+ 31. Kh2 Qc6 32. f3 Qa4 33. Qc3 Qb5
34. Qc8+ Kf7 35. Qc5 Qa4 36. Qxe5 Qxa3 37. b5 axb5 38. Qxb5 Qd6+ 39. Kg1 Qd4+
40. Kf1 Qa1+ 41. Kf2 Qd4+ 42. Kg3 Qd6+ 43. f4 Kf6 44. Kg4 Qd1+ 45. Kg3 Qe1+ 46.
Kh2 Qe3 47. Qg5+ Kf7 48. h4 Qe2 49. h5 Qc2 50. h6 Qh7 51. Qxg7+ Qxg7 52. hxg7
Kxg7 53. Kg3 Kf6 54. Kg4 Kg6 55. Kf3 Kf5 56. g4+ Kf6 57. Ke4 Kg6 58. Ke5 Kf7 59.
f5 exf5 60. Kxf5 Kg7 61. Kg5 Kf7 62. Kh6 Kg8 63. g5 Kh8 64. g6 Kg8 65. g7 Kf7
66. Kh7 Kf6 67. g8=Q Kf5 68. Qf7+ Ke5 69. Kg6 Ke4 70. Qf5+ Kd4 71. Kf6 Ke3 72.
Ke5 Kd2 73. Qf3 Kc2 74. Kd4 Kd2 75. Qd3+ Ke1 76. Qc2 Kf1 77. Ke3 Kg1 78. Kf3 Kh1
79. Qg2# {Black checkmated} 1-0

[Event "Team 45 45 League T50"]
[Site "Internet Chess Club"]
[Date "2011.08.18"]
[Round "2"]
[White "PT105"]
[Black "reverendjim"]
[Result "0-1"]
[WhiteElo "1358"]
[BlackElo "1378"]
[Opening "French defense"]
[ECO "C00"]
[Time "21:03:06"]
[TimeControl "2700+45"]

1. e4 e6 2. Nc3 c5 3. Bc4 Nc6 4. Nf3 d6 5. d3 a6 6. a4 Na5 7. b3 Bd7 8. Bd2 Nc6
9. O-O Nf6 10. Bg5 Be7 11. Qd2 O-O 12. d4 cxd4 13. Nxd4 Nxd4 14. Qxd4 h6 15. Bh4
Rc8 16. Rab1 Bc6 17. Rbd1 e5 18. Qd3 g5 19. Bg3 Qb6 20. Rd2 Qc5 21. Rc1 Rcd8 22.
h4 Nh5 23. Kh1 Nf4 24. Qe3 Qxe3 25. fxe3 Nh5 26. Bf2 gxh4 27. Kg1 Ng3 28. Bxg3
hxg3 29. Nd5 Bg5 30. Rd3 b5 31. Nb4 Bxe4 32. axb5 axb5 33. Bxb5 Bxd3 34. Bxd3
Bxe3+ 35. Kf1 Bxc1 36. Nc6 Ra8 37. Ne7+ Kh8 38. b4 Bg5 39. Nd5 f5 40. b5 Ra1+
41. Ke2 e4 42. Bc4 f4 43. Nxf4 Rxf4 44. b6 Rf2# {White checkmated} 0-1

[Event "Team 45 45 League T50"]
[Site "Internet Chess Club"]
[Date "2011.08.22"]
[Round "2"]
[White "KyleMayhugh"]
[Black "chicopee-ed"]
[Result "1-0"]
[WhiteElo "1407"]
[BlackElo "1336"]
[Opening "French: Winawer, fingerslip variation"]
[ECO "C15"]
[Time "12:01:15"]
[TimeControl "2700+45"]

1. e4 e6 2. d4 d5 3. Nc3 Bb4 4. Bd2 dxe4 5. Nxe4 Qxd4 6. Bd3 Bxd2+ 7. Nxd2 Qxb2
8. Ngf3 Qc3 9. O-O Nf6 10. Rb1 O-O 11. Rb3 Qc5 12. Rb5 Qe7 13. Ne4 Nxe4 14. Bxe4
Rd8 15. Qe2 c6 16. Bxh7+ Kxh7 17. Ng5+ Kg8 18. Qh5 Qf6 19. Rb3 Qg6 20. Qh4 f6
21. Rh3 fxg5 22. Qh8+ Kf7 23. Qxd8 Nd7 24. Rh8 Qxc2 25. Re1 Nf6 26. Qc7+ Kg6 27.
Rxc8 Rxc8 28. Qxc8 Qc3 29. Qxe6 b5 30. h4 Kh5 31. hxg5 Kxg5 32. Re5+ Kf4 33.
Qf5# {Black checkmated} 1-0

[Event "Team 45 45 League T50"]
[Site "Internet Chess Club"]
[Date "2011.08.21"]
[Round "2"]
[White "sdcohle"]
[Black "PANAMA-REY"]
[Result "1-0"]
[WhiteElo "1389"]
[BlackElo "1464"]
[Opening "QGD: Marshall defense"]
[ECO "D06"]
[Time "14:02:48"]
[TimeControl "2700+45"]

1. d4 d5 2. c4 Nf6 3. cxd5 Nxd5 4. e4 Nf6 5. Nc3 Bg4 6. Be2 h5 7. h3 Bd7 8. Nf3
Nc6 9. O-O e6 10. e5 Nh7 11. Ne4 Be7 12. Bf4 f5 13. exf6 Nxf6 14. Nxf6+ Bxf6 15.
Ne5 Nxe5 16. dxe5 Bg5 17. Bxh5+ Kf8 18. Bxg5 Qxg5 19. Bg4 Ke7 20. Qd4 a6 21.
Qc5+ Kd8 22. Rad1 Re8 23. f4 Qe7 24. Qd4 c5 25. Qd3 Kc7 26. Rf2 Rad8 27. Rfd2
Ba4 28. Qc3 Bxd1 29. Bxd1 Rxd2 30. Qxd2 Rd8 31. Qc2 Rd4 32. Bf3 b6 33. a3 Qd7
34. b4 c4 35. Qc3 b5 36. Be2 Qf7 37. Qxd4 {Black resigns} 1-0

[Event "Team 45 45 League T50"]
[Site "Internet Chess Club"]
[Date "2011.08.22"]
[Round "2"]
[White "Sandia"]
[Black "Just-Jim"]
[Result "1-0"]
[WhiteElo "1322"]
[BlackElo "1304"]
[Opening "King's pawn game"]
[ECO "C50"]
[Time "11:30:03"]
[TimeControl "2700+45"]

1. e4 e5 2. Nf3 Nc6 3. Bc4 h6 4. O-O Nf6 5. Nc3 Bb4 6. Re1 Bxc3 7. bxc3 a6 8. d4
O-O 9. dxe5 Ng4 10. Bf4 Qe8 11. Qd5 d6 12. exd6 Be6 13. Qd3 Bxc4 14. Qxc4 cxd6
15. Bxd6 Nge5 16. Nxe5 Nxe5 17. Qd5 Rd8 18. Qxe5 Qxe5 19. Bxe5 Rfe8 20. f4 f6
21. Bd4 b5 22. Bc5 Rc8 23. Bb4 Ra8 24. Rad1 Rec8 25. Rd3 a5 26. Bd6 b4 27. e5
Rc4 28. g3 Rac8 29. e6 bxc3 30. e7 Re8 31. Ba3 Kf7 32. Rd8 Ra4 33. Rxe8 Kxe8 34.
Bc5 Rxa2 35. Rd1 Kf7 36. Rd8 Ra1+ 37. Kg2 Re1 38. Rf8+ Kg6 39. e8=Q+ Rxe8 40.
Rxe8 Kf5 41. Ra8 Ke4 42. Rxa5 {Black resigns} 1-0

[Event "Team 45 45 League T50"]
[Site "Internet Chess Club"]
[Date "2011.08.19"]
[Round "2"]
[White "Toalla"]
[Black "sockmonkey"]
[Result "1-0"]
[WhiteElo "1267"]
[BlackElo "1246"]
[Opening "Queen's gambit declined"]
[ECO "D30"]
[Time "11:14:52"]
[TimeControl "2700+45"]

1. d4 d5 2. c4 e6 3. Nf3 Nd7 4. Nc3 c6 5. e4 dxe4 6. Nxe4 f5 7. Neg5 Ngf6 8.
Nxe6 Qe7 9. Qe2 Nb6 10. Nc7+ Kd8 11. Qxe7+ Bxe7 12. Nxa8 Nxa8 13. Bd3 Bb4+ 14.
Bd2 Re8+ 15. Ne5 Bxd2+ 16. Kxd2 Be6 17. Rae1 Nb6 18. b3 Nbd7 19. Nxd7 Kxd7 20.
h3 f4 21. Re5 g6 22. Rhe1 Bf7 23. Kc3 b6 24. Be4 c5 25. Rxe8 cxd4+ 26. Kxd4 Bxe8
27. Bd3 Kd6 28. b4 Bc6 29. c5+ bxc5+ 30. bxc5+ Kd7 31. f3 Nd5 32. Re5 Nb4 33. a3
Nxd3 34. Kxd3 Bb5+ 35. Ke4 Bf1 36. Kxf4 Bxg2 37. Kg3 Bf1 38. h4 Bb5 39. Kg4 h5+
40. Kg5 Bd3 41. Rd5+ {Black resigns} 1-0

[Event "Team 45 45 League T50"]
[Site "Internet Chess Club"]
[Date "2011.08.21"]
[Round "2"]
[White "Duguesclin"]
[Black "AntonioMendonca"]
[Result "1-0"]
[WhiteElo "1709"]
[BlackElo "1488"]
[Opening "Bogo-Indian defense, Nimzovich variation"]
[ECO "E11"]
[Time "05:06:32"]
[TimeControl "2700+45"]

1. d4 Nf6 2. c4 e6 3. Nf3 Bb4+ 4. Bd2 Qe7 5. Nc3 c5 6. e3 d6 7. Bd3 b6 8. O-O
O-O 9. Qc2 Bb7 10. Ng5 h6 11. Nh7 Re8 12. a3 Bxc3 13. Bxc3 Nbd7 14. Nxf6+ Nxf6
15. f3 Rad8 16. Rae1 Qc7 17. b4 Nd7 18. Bb2 e5 19. d5 Nf8 20. f4 Nd7 21. Qc3 f6
22. Bf5 Nf8 23. fxe5 Rxe5 24. e4 Bc8 25. Qg3 Ba6 26. b5 Bc8 27. Bxe5 dxe5 28.
Bxc8 Rxc8 29. Rxf6 Kh8 30. Rc6 Qd7 31. Rxc8 Qxc8 32. Qxe5 Nd7 33. Qf5 Qe8 34. e5
Nf6 35. Rf1 Nd7 36. e6 Nf6 37. d6 Kg8 38. d7 Qd8 39. Qg6 {Black resigns} 1-0

[Event "Team 45 45 League T50"]
[Site "Internet Chess Club"]
[Date "2011.08.20"]
[Round "2"]
[White "Kheeljoi"]
[Black "aphort0212"]
[Result "1-0"]
[WhiteElo "1703"]
[BlackElo "1613"]
[Opening "Latvian: Fraser defense"]
[ECO "C40"]
[Time "16:30:30"]
[TimeControl "2700+45"]

1. e4 e5 2. Nf3 f5 3. Nxe5 Nc6 4. Nxc6 dxc6 5. d4 fxe4 6. Qh5+ Kd7 7. Bc4 Nf6 8.
Qe5 Qe7 9. Nc3 Kd8 10. Bg5 h6 11. Bh4 g5 12. Bg3 Bg7 13. Qxe7+ Kxe7 14. Bxc7 Bf5
15. O-O-O Ng4 16. Bg3 Rad8 17. h3 Nf6 18. Be5 Rhe8 19. Rhe1 Kf8 20. g4 Bg6 21.
f3 exf3 22. Rf1 Bf7 23. Bxf7 Kxf7 24. Rxf3 Kg8 25. Bxf6 Rf8 26. Rdf1 Bxf6 27.
Rxf6 Rxf6 28. Rxf6 Kg7 29. Re6 Rd7 30. Ne2 Rf7 31. Ng3 Rf3 32. Nf5+ Kg8 33. Rxh6
Rf2 34. c3 Rh2 35. h4 gxh4 36. Rxh4 Rg2 37. Nd6 Rg1+ 38. Kc2 Rg2+ 39. Kb3 b6 40.
Nc8 Re2 41. Nxa7 Re6 42. g5 Kg7 43. Rh6 Re7 44. Nxc6 Rc7 45. Ne5 Rb7 46. Rd6 b5
47. Rd7+ Rxd7 48. Nxd7 Kg6 49. d5 Kxg5 50. Nc5 Kf6 51. Kb4 Ke7 52. Kxb5 {Black
resigns} 1-0

[Event "Team 45 45 League T50"]
[Site "Internet Chess Club"]
[Date "2011.08.22"]
[Round "2"]
[White "Oscar"]
[Black "dschesq"]
[Result "0-1"]
[WhiteElo "1564"]
[BlackElo "1605"]
[Opening "Sicilian: closed"]
[ECO "B23"]
[Time "22:00:10"]
[TimeControl "2700+45"]

1. e4 c5 2. Nc3 e6 3. f4 d5 4. Bb5+ Bd7 5. d4 Bxb5 6. Nxb5 Qa5+ 7. Nc3 cxd4 8.
Qxd4 Nc6 9. Qd2 Bb4 10. exd5 O-O-O 11. Qe3 Bxc3+ 12. Qxc3 Qxd5 13. Qd2 Nd4 14.
c3 Qe4+ 15. Kf2 Nc2 16. Qe2 Qxe2+ 17. Nxe2 Nxa1 18. Nd4 Nf6 19. Kf3 Rxd4 20.
cxd4 Nc2 21. Be3 Nxe3 22. Kxe3 Nd5+ 23. Kf3 Kd7 24. Rd1 h5 25. Rd2 Rc8 26. g3
Kd6 27. a3 Ne7 28. h3 Kd5 29. g4 hxg4+ 30. Kxg4 Rc4 31. h4 Nf5 32. b3 Rc1 33. h5
Rc3 34. Rg2 Ne3+ 35. Kg3 Nxg2+ 36. Kxg2 {White resigns} 0-1

[Event "Team 45 45 League T50"]
[Site "Internet Chess Club"]
[Date "2011.08.20"]
[Round "2"]
[White "Nakke"]
[Black "Portola"]
[Result "1-0"]
[WhiteElo "1765"]
[BlackElo "1742"]
[Opening "French: Tarrasch"]
[ECO "C03"]
[Time "08:00:15"]
[TimeControl "2700+45"]

1. e4 e6 2. d4 d5 3. Nd2 dxe4 4. Nxe4 Be7 5. Nf3 Nd7 6. Be3 Ngf6 7. Nxf6+ Bxf6
8. c3 b6 9. Qc2 Bb7 10. O-O-O O-O 11. Bd3 g6 12. Be4 Bxe4 13. Qxe4 Qe7 14. h4 c5
15. h5 cxd4 16. Nxd4 Nc5 17. Qg4 Rad8 18. hxg6 fxg6 19. Kc2 Rd6 20. f4 Bxd4 21.
Bxd4 Rd5 22. Rh6 Rf7 23. Qxg6+ Kf8 24. Qg4 Rdf5 25. Be5 Ne4 26. Qg6 Qe8 27. Qxe6
Qa4+ 28. Qb3 Qxb3+ 29. axb3 Ke8 30. g4 Rxf4 31. Bxf4 Rxf4 32. Re1 Kf8 33. Rxh7
Rxg4 34. Rxa7 Rg2+ 35. Kb1 Nd2+ 36. Ka2 Rg5 37. Rh1 Kg8 38. Rh6 Rb5 39. Rd6
{Black resigns} 1-0

[Event "Team 45 45 League T50"]
[Site "Internet Chess Club"]
[Date "2011.08.19"]
[Round "2"]
[White "rubo"]
[Black "gandre"]
[Result "1-0"]
[WhiteElo "1749"]
[BlackElo "1672"]
[Opening "French: advance, Wade variation"]
[ECO "C02"]
[Time "14:00:48"]
[TimeControl "2700+45"]

1. e4 e6 2. d4 d5 3. e5 c5 4. c3 Qb6 5. Nf3 Bd7 6. Bd3 cxd4 7. cxd4 Bb5 8. Nc3
Bxd3 9. Qxd3 Nc6 10. a3 a5 11. O-O Nge7 12. Be3 Nf5 13. Nxd5 Qd8 14. Nc3 Be7 15.
Qb5 O-O 16. Qxb7 Ncxd4 17. Nxd4 Nxd4 18. Bxd4 Qxd4 19. Qxe7 Qxe5 {Black resigns}
1-0

[Event "Team 45 45 League T50"]
[Site "Internet Chess Club"]
[Date "2011.08.20"]
[Round "2"]
[White "Just-Jim"]
[Black "g8wrb"]
[Result "0-1"]
[WhiteElo "1321"]
[BlackElo "1391"]
[Opening "Queen's pawn game"]
[ECO "E00"]
[Time "17:00:18"]
[TimeControl "2700+45"]

1. d4 Nf6 2. c4 e6 3. a3 c5 4. d5 exd5 5. cxd5 Bd6 6. Bg5 b6 7. Nc3 Ba6 8. Nf3
O-O 9. h3 Re8 10. Nd2 Re5 11. e4 Rxg5 12. Nf3 Rh5 13. Bxa6 Nxa6 14. Qe2 Nc7 15.
e5 Nfxd5 16. Nxd5 Nxd5 17. exd6 Qf6 18. O-O Qxd6 19. Rfe1 Nf6 20. Rad1 Rd5 21.
Rxd5 Qxd5 22. Nh2 h6 23. Ng4 Nxg4 24. Qxg4 Kf8 25. Rd1 Qe6 26. Qg3 d5 27. Qf3
Rd8 28. Qd3 d4 29. Qh7 f6 30. Rd3 c4 31. Rg3 Rd7 32. Qc2 b5 33. Qd2 d3 34. Qb4+
Re7 35. Re3 Qd7 36. Kh2 Ke8 37. g3 Rxe3 38. fxe3 d2 {White resigns} 0-1

[Event "Team 45 45 League T50"]
[Site "Internet Chess Club"]
[Date "2011.08.19"]
[Round "2"]
[White "AtomicDog"]
[Black "IanT"]
[Result "1-0"]
[WhiteElo "1457"]
[BlackElo "1423"]
[Opening "Ruy Lopez: Caro variation"]
[ECO "C70"]
[Time "08:13:15"]
[TimeControl "2700+45"]

1. e4 e5 2. Nf3 Nc6 3. Bb5 a6 4. Ba4 b5 5. Bb3 d6 6. c3 Nf6 7. O-O Be7 8. d4
exd4 9. cxd4 Nxe4 10. Bd5 Bb7 11. Bxe4 O-O 12. Nc3 Qd7 13. Nd5 Rfe8 14. Nxe7+
Rxe7 15. Ng5 h6 16. Qh5 f6 17. Bd5+ Kh8 18. Nf7+ Kh7 19. Ng5+ fxg5 20. Bxg5 Qf5
21. Qh4 Qxg5 22. Qxg5 hxg5 23. f4 Rf8 24. fxg5 Rxf1+ 25. Rxf1 Na5 26. Bf7 Nc6
27. Rf4 Nd8 28. Rh4# {Black checkmated} 1-0

[Event "Team 45 45 League T50"]
[Site "Internet Chess Club"]
[Date "2011.08.27"]
[Round "2"]
[White "Chess-Dream"]
[Black "chiiwen"]
[Result "0-1"]
[WhiteElo "2007"]
[BlackElo "2227"]
[Opening "QGD Slav: 4.Nc3"]
[ECO "D15"]
[Time "15:00:40"]
[TimeControl "2700+45"]

1. d4 d5 2. c4 c6 3. Nf3 Nf6 4. Nc3 a6 5. a4 e6 6. g3 Be7 7. Bg2 O-O 8. O-O Nbd7
9. Nd2 Qb6 10. c5 Qc7 11. a5 e5 12. e3 Re8 13. b4 e4 14. f4 exf3 15. Qxf3 Nf8
16. e4 Bg4 17. Qf2 dxe4 18. Ndxe4 Ng6 19. Nxf6+ Bxf6 20. Ne4 Re6 21. h3 Bxh3 22.
Bxh3 Rxe4 23. Bb2 Rd8 24. Rad1 h5 25. Bf5 Ree8 26. Kg2 h4 27. g4 Bg5 28. Bc1
Bxc1 29. Rxc1 Qe7 30. Rce1 Qg5 31. Re4 {White resigns} 0-1

[Event "Team 45 45 League T50"]
[Site "Internet Chess Club"]
[Date "2011.08.20"]
[Round "2"]
[White "AronT"]
[Black "Legal"]
[Result "1-0"]
[WhiteElo "2173"]
[BlackElo "2031"]
[Opening "Nimzo-Indian: classical variation"]
[ECO "E32"]
[Time "08:06:55"]
[TimeControl "2700+45"]

1. d4 Nf6 2. c4 e6 3. Nc3 Bb4 4. Qc2 O-O 5. a3 Bxc3+ 6. Qxc3 b6 7. Bg5 Bb7 8. f3
h6 9. Bh4 d5 10. e3 Nbd7 11. cxd5 Nxd5 12. Bxd8 Nxc3 13. Bh4 Nd5 14. Bf2 f5 15.
Rc1 c5 16. Bb5 N5f6 17. Ne2 Rac8 18. O-O a6 19. Bd3 b5 20. Bb1 c4 21. Nc3 Nb6
22. e4 Nfd7 23. Be3 Rcd8 24. Rcd1 f4 25. Bf2 Rfe8 26. Rfe1 Nc8 27. Kf1 Ne7 28.
d5 e5 29. Ba2 Nc8 30. b3 cxb3 31. Bxb3 Nd6 32. a4 b4 33. Na2 a5 34. Rc1 Ba6+ 35.
Kg1 Rc8 36. Rc6 Bc4 37. Nc1 Rxc6 38. dxc6 Nb8 39. Rd1 Bxb3 40. Nxb3 Nf7 41. c7
Na6 42. Bb6 Rc8 43. Rd8+ Nxd8 44. cxd8=Q+ Rxd8 45. Bxd8 Kf7 46. Kf2 Ke6 47. Bxa5
Kd6 48. Ke2 {Black resigns} 1-0

[Event "Team 45 45 League T50"]
[Site "Internet Chess Club"]
[Date "2011.08.17"]
[Round "2"]
[White "cknights"]
[Black "Babaliyev"]
[Result "1-0"]
[WhiteElo "2212"]
[BlackElo "1929"]
[Opening "Queen's Indian: Nimzovich variation (exaggerated fianchetto)"]
[ECO "E15"]
[Time "12:00:03"]
[TimeControl "2700+45"]

1. d4 Nf6 2. c4 e6 3. Nf3 b6 4. g3 Ba6 5. b3 Bb4+ 6. Bd2 Be7 7. Bg2 c6 8. Bc3
O-O 9. O-O d5 10. Nbd2 Nbd7 11. Qc2 Bb7 12. Rad1 Rc8 13. e4 dxe4 14. Nxe4 Qc7
15. Ne5 c5 16. Nxd7 Nxd7 17. d5 exd5 18. cxd5 Bd6 19. Rfe1 Rce8 20. Qd3 Ne5 21.
Qd2 f6 22. Nxd6 Qxd6 23. f4 Nf7 24. Re6 Qd8 25. Rde1 Bc8 26. R6e3 Nd6 27. Bf3
Rxe3 28. Rxe3 Re8 29. Qe2 Rxe3 30. Qxe3 Kf8 31. g4 Qe7 32. Qd3 h5 33. gxh5 Bf5
34. Qd2 Be4 35. Bg4 Qf7 36. Qd1 Qxd5 37. h6 Qxd1+ 38. Bxd1 Nb5 39. hxg7+ Kxg7
40. Bb2 Nd6 41. h4 Nf5 42. h5 Ne3 43. Be2 Nd5 44. Kh2 Nxf4 45. Bd1 Nd5 46. Kg3
Kh7 47. Be2 f5 48. Be5 Kh6 49. Kh4 a5 50. Bc4 Bf3 51. Bd6 Nb4 52. Bf4+ Kh7 53.
Bf7 Be4 54. Bg6+ Kg8 55. h6 Nc6 56. Kg5 b5 57. Kf6 c4 58. h7+ Kh8 59. Bh6 {Black
resigns} 1-0

[Event "Team 45 45 League T50"]
[Site "Internet Chess Club"]
[Date "2011.08.19"]
[Round "2"]
[White "FourKnights"]
[Black "losscause"]
[Result "1/2-1/2"]
[WhiteElo "1745"]
[BlackElo "1611"]
[Opening "QGD: Semi-Tarrasch, 5.cd"]
[ECO "D41"]
[Time "20:00:19"]
[TimeControl "2700+45"]

1. d4 d5 2. c4 e6 3. Nf3 Nf6 4. Nc3 c5 5. cxd5 exd5 6. Bf4 a6 7. e3 Nc6 8. dxc5
Bxc5 9. Be2 O-O 10. O-O d4 11. exd4 Nxd4 12. Nxd4 Qxd4 13. Qxd4 Bxd4 14. Rac1
Be6 15. a3 Bxc3 16. Rxc3 Nd5 17. Bd6 Nxc3 18. bxc3 Rfd8 19. Be5 {Game drawn by
mutual agreement} 1/2-1/2

[Event "Team 45 45 League T50"]
[Site "Internet Chess Club"]
[Date "2011.08.21"]
[Round "2"]
[White "Buckeye22"]
[Black "chess9793"]
[Result "0-1"]
[WhiteElo "2030"]
[BlackElo "2125"]
[Opening "Grünfeld: Grünfeld gambit accepted"]
[ECO "D84"]
[Time "21:00:58"]
[TimeControl "2700+45"]

1. d4 Nf6 2. c4 g6 3. Nc3 d5 4. Bf4 Bg7 5. e3 O-O 6. cxd5 Nxd5 7. Nxd5 Qxd5 8.
Bxc7 Na6 9. Bxa6 bxa6 10. Qf3 Qb5 11. Qe2 Qc6 12. Qf3 Qb5 13. Qe2 Qb7 14. Qf3
Qxb2 15. Rd1 Qc3+ 16. Kf1 Qxc7 17. Qxa8 Bg4 18. Qxf8+ Bxf8 19. f3 Be6 20. Ne2
Qc2 21. Rc1 Qxa2 22. Kf2 Bc4 23. Rhe1 e6 24. Ra1 Qd2 25. Rad1 Qa5 26. Rc1 Bb4
27. Red1 Qa2 {White resigns} 0-1

[Event "Team 45 45 League T50"]
[Site "Internet Chess Club"]
[Date "2011.08.20"]
[Round "2"]
[White "leland"]
[Black "snottgoblin"]
[Result "0-1"]
[WhiteElo "1850"]
[BlackElo "2031"]
[Opening "Caro-Kann: exchange variation"]
[ECO "B13"]
[Time "22:00:06"]
[TimeControl "2700+45"]

1. e4 c6 2. d4 d5 3. exd5 cxd5 4. Bd3 Nc6 5. Nf3 Bg4 6. c3 Nf6 7. Bf4 e6 8. Nbd2
Be7 9. O-O O-O 10. Re1 Rc8 11. h3 Bh5 12. Rc1 Re8 13. Qb3 Na5 14. Qa4 a6 15. Bg5
b5 16. Qc2 Bg6 17. Bxg6 hxg6 18. Ne5 b4 19. Bxf6 Bxf6 20. Ndf3 bxc3 21. bxc3 Nc4
22. Qa4 a5 23. Nd3 Be7 24. Nfe5 Bg5 25. f4 Bh4 26. Re2 Be7 27. Nc6 Qd7 28. Nxe7+
Rxe7 29. Qxd7 Rxd7 30. Nc5 Rxc5 31. dxc5 Rc7 32. Kf2 Kf8 33. Kf3 Rxc5 34. Rb1
Nd6 35. Rc2 Ke7 36. Ke3 Kf6 37. g4 Nb5 38. Rbc1 Na3 39. Rf2 Nc4+ 40. Kd4 Rb5 41.
Re1 a4 42. Rc2 a3 43. Ree2 Rb1 44. Kc5 Rf1 45. Rf2 Rh1 46. Rh2 Ra1 47. Kd4 Rd1+
48. Kc5 Rd3 49. Rc1 Rf3 50. f5 gxf5 51. gxf5 Rxf5 52. Rcc2 Ke7 53. Rhf2 Rh5 54.
Rf3 Rh8 55. Rg3 g6 56. Rf3 Rc8+ 57. Kd4 Rb8 58. Rcf2 f5 59. Rg3 Kf6 60. Rfg2 Rg8
61. Rg5 Nd6 62. Rg1 Ne4 63. R5g2 g5 64. c4 dxc4 65. Kxc4 Rc8+ 66. Kb4 Rc3 67.
Rh2 Rd3 68. h4 g4 69. h5 Kg7 70. h6+ Kh7 71. Rc1 Rd7 72. Kxa3 g3 73. Rh3 f4 74.
Rh4 e5 75. Re1 Rd4 76. Rb1 Nf6 77. Rb7+ Nd7 78. Rb3 Nf6 79. Rb7+ Rd7 80. Rb6 g2
81. Rb1 f3 82. Rh3 f2 83. Rhh1 gxh1=Q 84. Rxh1 e4 {White resigns} 0-1

[Event "Team 45 45 League T50"]
[Site "Internet Chess Club"]
[Date "2011.08.22"]
[Round "2"]
[White "jefferyx"]
[Black "upsan"]
[Result "1/2-1/2"]
[WhiteElo "2144"]
[BlackElo "1713"]
[Opening "French: Tarrasch"]
[ECO "C03"]
[Time "17:05:39"]
[TimeControl "2700+45"]

1. d4 e6 2. e4 d5 3. Nd2 b6 4. c3 dxe4 5. Nxe4 Bb7 6. Bb5+ Nd7 7. Qe2 Nf6 8. Bg5
Be7 9. Bxf6 Bxf6 10. Nf3 Bxe4 11. Qxe4 O-O 12. O-O-O Be7 13. Ne5 Nf6 14. Qf3 Qd5
15. Bc6 Qxf3 16. Bxf3 Rae8 17. Bc6 Rd8 18. Rd3 Bd6 19. Rhd1 g6 20. Bf3 Nd7 21.
Nc6 Ra8 22. g3 a5 23. Ne5 Rad8 24. Bc6 Nb8 25. Bb5 Kg7 26. f4 Rc8 27. Nc6 Nxc6
28. Bxc6 Rcd8 29. Re1 h5 {Game drawn by mutual agreement} 1/2-1/2

[Event "Team 45 45 League T50"]
[Site "Internet Chess Club"]
[Date "2011.08.20"]
[Round "2"]
[White "ice-cream"]
[Black "irock"]
[Result "0-1"]
[WhiteElo "1779"]
[BlackElo "1861"]
[Opening "Sicilian: accelerated fianchetto, modern variation with Bc4"]
[ECO "B35"]
[Time "19:28:02"]
[TimeControl "2700+45"]

1. e4 c5 2. Nf3 g6 3. d4 cxd4 4. Nxd4 Nc6 5. Nc3 Bg7 6. Be3 Nf6 7. Bc4 O-O 8.
Bb3 a5 9. O-O Nxd4 10. Bxd4 d6 11. Qe2 Bd7 12. a4 Bc6 13. Rad1 Qd7 14. e5 dxe5
15. Bxe5 Qf5 16. Rfe1 Rfe8 17. Nb5 Bxb5 18. Qxb5 Ng4 19. Bg3 Qxb5 20. axb5 Bxb2
21. Ba4 Bc3 22. Re4 Nf6 23. Re3 Bb4 24. b6 Red8 25. Rxd8+ Rxd8 26. h3 Rd1+ 27.
Kh2 Nd5 28. Rf3 Nxb6 29. Bb3 e6 30. c3 Rb1 31. cxb4 a4 32. Ba2 Rb2 33. Ra3 Rxb4
34. Bd6 Rb2 35. Bc5 Nd7 36. Be7 b5 37. Kg3 b4 38. Rxa4 b3 39. Bxb3 Rxb3+ 40. Kf4
e5+ 41. Ke4 f5+ 42. Kd5 Nb6+ 43. Kxe5 Nxa4 44. f3 Nb2 45. Kf4 Nd3+ 46. Kg3 Rb2
47. Bf6 f4+ 48. Kh2 Rc2 49. Bh4 Re2 50. Kg1 Rc2 51. Kh2 h6 52. Bd8 Ne1 53. Ba5
Nxf3+ 54. Kh1 Rc1+ 55. Be1 Rxe1# {White checkmated} 0-1

[Event "Team 45 45 League T50"]
[Site "Internet Chess Club"]
[Date "2011.08.21"]
[Round "2"]
[White "pauliewoll"]
[Black "katikus"]
[Result "1/2-1/2"]
[WhiteElo "1673"]
[BlackElo "1734"]
[Opening "Caro-Kann: exchange variation"]
[ECO "B13"]
[Time "10:30:18"]
[TimeControl "2700+45"]

1. e4 c6 2. d4 d5 3. exd5 cxd5 4. Nf3 Nf6 5. Bd3 Qc7 6. O-O Bg4 7. Nc3 Nc6 8.
Nb5 Qb6 9. c3 a6 10. Na3 e6 11. Re1 Bd6 12. Qe2 O-O 13. Nc2 Qc7 14. h3 Bh5 15.
Bg5 Nd7 16. Rac1 Rac8 17. Qe3 Rfe8 18. Qe2 e5 19. dxe5 Ndxe5 20. g4 Bg6 21. Bxg6
hxg6 22. Nfd4 Nxd4 23. Nxd4 Qc4 24. Qxc4 dxc4 25. Rcd1 Bc5 26. Kg2 b5 27. b3 f6
28. Bf4 Nd3 29. Rxe8+ Rxe8 30. Be3 Bxd4 31. cxd4 Kf7 32. Kg3 g5 33. Kf3 Ke6 34.
Ke4 Kd6+ 35. Kf5 Re7 36. bxc4 bxc4 37. a3 Kd5 38. Kg6 Kc6 39. Rd2 Kd5 40. Rd1
Kc6 41. Rd2 Kd5 42. Rd1 Kc6 {Game drawn by repetition} 1/2-1/2

[Event "Team 45 45 League T50"]
[Site "Internet Chess Club"]
[Date "2011.08.20"]
[Round "2"]
[White "UnderRated"]
[Black "Buford-Julep"]
[Result "0-1"]
[WhiteElo "1575"]
[BlackElo "1662"]
[Opening "Vienna game"]
[ECO "C26"]
[Time "10:31:45"]
[TimeControl "2700+45"]

1. e4 e5 2. Bc4 Nf6 3. Nc3 Bc5 4. d3 O-O 5. Nf3 Nc6 6. O-O h6 7. a3 a6 8. h3 Ba7
9. Be3 d6 10. Qd2 Kh7 11. Nh2 Ne7 12. f3 Bxe3+ 13. Qxe3 Ng6 14. Ne2 d5 15. Bb3
Be6 16. Ng4 d4 17. Nxf6+ Qxf6 18. Qf2 Nf4 19. Ng3 Bxh3 20. Kh2 Bxg2 21. Nf5 Bxf1
22. Rxf1 g6 23. Nh4 c5 24. Rg1 b5 25. Rg4 Rac8 26. Ng2 Nxg2 27. Qxg2 c4 28. Ba2
cxd3 29. cxd3 Rc1 30. Qh3 Rfc8 31. Rg2 Qf4+ 32. Qg3 Qxg3+ 33. Kxg3 Kg7 34. Bd5
R8c2 35. Rxc2 Rxc2 36. b3 Rc3 37. a4 Rxd3 38. axb5 axb5 39. Kf2 f5 40. Ke2 Re3+
41. Kf2 Kf6 42. Kg3 fxe4 43. Bxe4 Rxb3 {White resigns} 0-1

[Event "Team 45 45 League T50"]
[Site "Internet Chess Club"]
[Date "2011.08.21"]
[Round "2"]
[White "SirIvanhoe"]
[Black "whiskeytown"]
[Result "1-0"]
[WhiteElo "1528"]
[BlackElo "1446"]
[Opening "Pirc defense"]
[ECO "B07"]
[Time "19:00:50"]
[TimeControl "2700+45"]

1. e4 d6 2. d4 Nf6 3. Nc3 g6 4. Be3 Bg7 5. Qd2 Nbd7 6. Nf3 Nb6 7. Bh6 Bxh6 8.
Qxh6 Ng4 9. Qg7 Rf8 10. Qxh7 Nf6 11. Qh6 e5 12. O-O-O Ng4 13. Qd2 exd4 14. Nxd4
Qf6 15. f3 Ne5 16. Be2 Bd7 17. Ndb5 Kd8 18. Nxc7 Kxc7 19. Nd5+ Nxd5 20. Qxd5 Bc6
21. Qa5+ b6 22. Qc3 Kb7 23. Qa3 Rad8 24. Kb1 d5 25. exd5 Bxd5 26. Rxd5 Rxd5 27.
Qxf8 Rd2 28. Re1 Qc6 29. Qe7+ Nd7 30. Bd3 Kc7 31. Qxf7 Rxg2 32. Qf4+ Kd8 33.
Qh4+ Kc7 34. Be4 Qe6 35. Qf4+ Kd8 36. Rd1 g5 37. Qb8+ Ke7 38. Qc7 Kf6 39. b3 Nc5
40. Rd6 Nxe4 41. Rxe6+ Kxe6 42. fxe4 g4 43. Qf4 b5 44. Qf5+ Ke7 45. Qxb5 Rxh2
46. Qg5+ Kf7 47. Qxg4 Kf6 {Black resigns} 1-0